 Dungeon Crawl Stone Soup version 0.25-a0-435-g4b9beb1024 (webtiles) character file.

Game seed: 12769190534205282232, levelgen mode: deterministic

21 digijack the Insei (level 2, -3/21 HPs)
             Began as a Merfolk Transmuter on Jan 27, 2020.
             Slain by a kobold
             ... wielding a +0 whip
              (4 damage)
             ... on level 2 of the Dungeon.
             The game lasted 00:03:11 (1332 turns).

digijack the Insei (Merfolk Transmuter)             Turns: 1332, Time: 00:03:11

Health: -3/21      AC:  2    Str: 10    XL:     2   Next: 83%
Magic:  5/5        EV: 13    Int: 12    God:
Gold:   73         SH:  0    Dex: 14    Spells: 4/5 levels left

rFire    . . .     SeeInvis .     - Unarmed
rCold    . . .     Gourm    .   (no shield)
rNeg     . . .     Faith    .   b - +0 robe
rPois    .         Spirit   .   (no helmet)
rElec    .         Reflect  .   (no cloak)
rCorr    .         Harm     .   (no gloves)
MR       .....                  (no boots)
Stlth    +.........             (no amulet)
HPRegen  0.07/turn              (no ring)
MPRegen  0.09/turn              (no ring)

@: no status effects
A: change form in water, swift swim, stealthy swim
a: no special abilities


You were on level 2 of the Dungeon.
You were not hungry.

You visited 1 branch of the dungeon, and saw 2 of its levels.

You collected 73 gold pieces.

Inventory:

Missiles
 a - 27 arrows
 e - 17 stones (quivered)
Armour
 b - a +0 robe (worn)
Scrolls
 c - a scroll of identify
 i - a scroll of teleportation
Potions
 g - 3 potions of heal wounds
 h - a potion of brilliance
Comestibles
 d - 2 rations
 f - 2 chunks of flesh


   Skills:
 + Level 1.6 Fighting
 + Level 3.1 Dodging
 + Level 3.5 Unarmed Combat
 + Level 2.2 Spellcasting
 + Level 3.1 Transmutations


You had 4 spell levels left.
You knew the following spells:

 Your Spells              Type           Power        Failure   Level  Hunger
a - Beastly Appendage     Tmut           #.....       8%          1    ##.....

Your spell library contained the following spells:

 Spells                   Type           Power        Failure   Level  Hunger
 Sticks to Snakes         Tmut           #.......     11%         2    ###....
 Spider Form              Tmut/Pois      #.........   38%         3    ####...
 Ice Form                 Ice/Tmut       #.......     80%         4    #####..
 Blade Hands              Tmut           #.........   90%         5    ######.


Dungeon Overview and Level Annotations

Branches:
Dungeon (2/15)

Altars:


Message History

The giant cockroach bites you but does no damage.
The kobold closely misses you. The kobold hits you with a +0 whip.
The bat hits you but does no damage.
The giant cockroach bites you but does no damage.
The kobold closely misses you. The giant cockroach misses you.
The kobold barely misses you. The bat barely misses you.
The kobold hits you but does no damage. The giant cockroach barely misses you.
A jackal comes into view.
The kobold misses you. The bat hits you but does no damage.
The kobold hits you with a +0 dagger.
* * * LOW HITPOINT WARNING * * *
The giant cockroach bites you.
* * * LOW HITPOINT WARNING * * *
The kobold barely misses you. The kobold hits you but does no damage.
The giant cockroach bites you.
* * * LOW HITPOINT WARNING * * *
The goblin barely misses you. The bat barely misses you.
The kobold hits you with a +0 whip.
You die...

.. ....... ..
g#.##.....#....
..........#...h.
................
.......%..#.....
..............?.
.......w........
#sK......
..#####@K..####.
.......bg.......
#.#####....##...
###..###.....# .
...........###
...#..##.....#
...##+##.....##
.......#.#.......
........#.#.......


You could see a worm, a jackal (wandering), a giant cockroach, a goblin, a bat
and 2 kobolds.

Vanquished Creatures
  An ooze (D:1)
  A dart slug (D:2)
  4 bats
  A giant cockroach (D:1)
  3 goblins
  A hobgoblin (D:2)
  A frilled lizard (D:1)
  2 kobolds (D:1)
14 creatures vanquished.

Notes
Turn   | Place    | Note
-------+----------+-------------------------------------------
     0 | D:1      | digijack the Merfolk Transmuter began the quest for the
                  | Orb.
     0 | D:1      | Reached XP level 1. HP: 15/15 MP: 3/3
   331 | D:1      | Reached XP level 2. HP: 16/21 MP: 3/5
  1332 | D:2      | HP: 1/21 [giant cockroach (1)]
  1332 | D:2      | Slain by a kobold

Levels and vault maps discovered:
D:1:      tarquinn_simple_flora_water_f, layout_loops_corners,
          grunt_decor_mini_mirrors, minmay_misc_feat_secret_circle
D:2:      layout_basic, first_ration

Skill      XL: |  1  2 |
---------------+-------+-----
Dodging        | 3 |  3.1
Transmutations | 3 |  3.1
Fighting       | |  1.6
Unarmed Combat | |  3.5
Spellcasting   | |  2.2

Action                   || total
-------------------------++-------
Melee: Unarmed           ||    42
       Headbutt          ||     7
 Cast: Beastly Appendage ||    11
  Use: Scroll            ||     3
  Eat: Chunk             ||     1
Armor: Robe              ||    21
Dodge: Dodged            ||    58

Table legend:
 A = Non-vault XP
 B = Vault XP
 C = Vault XP percentage of total XP
 D = Non-vault monster count
 E = Vault monster count
 F = Vault count percentage of total count
                 A         B        C        D         E       F
            +---------+---------+-------+---------+---------+-------
      Total |      30 |       0 |   0.0 |      14 |       0 |   0.0
            +---------+---------+-------+---------+---------+-------
        D:1 |      20 |       0 |   0.0 |      10 |       0 |   0.0
        D:2 |      10 |       0 |   0.0 |       4 |       0 |   0.0
            +---------+---------+-------+---------+---------+-------
